[Event "DLM Youth 2024"]
[Site "Tuebingen"]
[Date "2024.10.04"]
[Round "4"]
[White "Nunez Gregoire, Daniel"]
[Black "Sheng, Ming"]
[Result "1/2-1/2"]
[ECO "D41"]
[WhiteElo "2154"]
[BlackElo "2007"]
[Annotator "RC"]
[PlyCount "108"]
[EventDate "2024.10.03"]
[EventType "team-swiss"]
[EventRounds "7"]
[EventCountry "GER"]
[SourceTitle "playchess.com"]
[Source "ChessBase"]
[SourceQuality "1"]
[TimeControl "40/5400+30:1800+30"]

1. d4 d5 2. c4 e6 3. Nc3 Nf6 4. cxd5 Nxd5 5. Nf3 c5 6. e4 Nxc3 7. bxc3 cxd4 8. cxd4 Bb4+ 9. Bd2 Bxd2+ 10. Qxd2 O-O 11. Bc4 Nd7 12. O-O b6 13. d5 Nc5 14. Qe3 exd5 15. Bxd5 Bb7 16. Rfd1 Bxd5 17. Rxd5 Qe7 18. Re1 Rfe8 19. e5 Rad8 20. Red1 Rxd5 21. Rxd5 Qe6 22. Qd2 h6 23. h3 Rc8 24. Rd4 Qe8 25. Kh2 Ne6 26. Rd6 Qa4 27. Nd4 Nxd4 28. Rxd4 Qc2 29. Qf4 Qxa2 30. Ra4 Qd5 31. Rxa7 Re8 32. f3 g5 33. Qf6 Qxe5+ 34. Qxe5 Rxe5 35. Rb7 b5 36. Rb6 Kg7 37. Kg3 Rf5 38. h4 Rc5 39. hxg5 hxg5 40. f4 gxf4+ 41. Kxf4 Rc4+ 42. Kf3 b4 43. g4 Rd4 44. g5 Rc4 45. Kf2 Rc2+ 46. Kg3 Rc3+ 47. Kg4 b3 48. Kf5 Rc5+ 49. Kg4 Rc4+ 50. Kf5 Rc3 51. g6 Rf3+ 52. Ke4 Rf6 53. Rxf6 Kxf6 54. gxf7 Kxf7 1/2-1/2

[Event "DLM Youth 2024"]
[Site "Tuebingen"]
[Date "2024.10.04"]
[Round "4"]
[White "Weber, Nikita"]
[Black "Bornholdt, Joa Max"]
[Result "1-0"]
[ECO "D02"]
[WhiteElo "2130"]
[BlackElo "2268"]
[Annotator "RC"]
[PlyCount "84"]
[EventDate "2024.10.03"]
[EventType "team-swiss"]
[EventRounds "7"]
[EventCountry "GER"]
[SourceTitle "playchess.com"]
[Source "ChessBase"]
[SourceQuality "1"]
[TimeControl "40/5400+30:1800+30"]

1. d4 d5 2. Bf4 Nf6 3. e3 e6 4. Nf3 c5 5. Be2 Bd6 6. Ne5 Nc6 7. c3 Qc7 8. Nxc6 bxc6 9. Bxd6 Qxd6 10. Nd2 Rb8 11. Qc2 O-O 12. O-O e5 13. Nf3 e4 14. dxc5 Qxc5 15. Nd4 Qb6 16. b4 c5 17. bxc5 Qxc5 18. c4 dxc4 19. Qxc4 Qg5 20. Kh1 Bg4 21. Rab1 Rbc8 22. Qa6 Qh4 23. Qd6 Bxe2 24. Nxe2 Rfd8 25. Rbc1 Rb8 26. Rb1 Rbc8 27. Rbc1 h5 28. Rxc8 Rxc8 29. Nd4 Ng4 30. Nf5 Qxf2 31. Qa6 Rc6 32. Ne7+ Kh7 33. Nxc6 Qh4 34. h3 Nf2+ 35. Kh2 Ng4+ 36. Kg1 Qg3 37. hxg4 Qxe3+ 38. Kh1 hxg4 39. Ne5 Qg5 40. Qe2 Qh6+ 41. Kg1 Qb6+ 42. Qf2 Qd8 1-0

[Event "DLM Youth 2024"]
[Site "Tuebingen"]
[Date "2024.10.04"]
[Round "4"]
[White "Braeutigam, Alexander"]
[Black "Groeschel, Karoline"]
[Result "1/2-1/2"]
[ECO "A22"]
[WhiteElo "2104"]
[BlackElo "1968"]
[Annotator "RC"]
[PlyCount "91"]
[EventDate "2024.10.03"]
[EventType "team-swiss"]
[EventRounds "7"]
[EventCountry "GER"]
[SourceTitle "playchess.com"]
[Source "ChessBase"]
[SourceQuality "1"]
[TimeControl "40/5400+30:1800+30"]

1. c4 e5 2. Nc3 Nf6 3. g3 d5 4. cxd5 Nxd5 5. Bg2 Nf6 6. Nf3 Nc6 7. d3 h6 8. O-O Bd6 9. a3 a5 10. Bd2 O-O 11. Rc1 Bf5 12. Nb5 Qd7 13. b4 axb4 14. Nxd6 cxd6 15. axb4 Bh3 16. Ra1 Bxg2 17. Kxg2 b5 18. Qc2 Qb7 19. Kg1 Rfc8 20. Rxa8 Qxa8 21. Qb2 Qb7 22. Ra1 Ra8 23. e4 Ne7 24. h3 Rxa1+ 25. Qxa1 Nd7 26. Qa5 Nc6 27. Qa2 Ne7 28. Qa5 Nc6 29. Qa2 Ne7 30. Bc3 d5 31. Nxe5 Nxe5 32. Bxe5 dxe4 33. Qe2 exd3 34. Qxd3 Qd5 35. Qc3 Qd1+ 36. Kg2 Qd5+ 37. Kh2 f6 38. Bd4 Nc6 39. Bc5 Ne5 40. g4 Kf7 41. Qe3 Qd3 42. Kg3 Qxe3+ 43. fxe3 Nd7 44. Bd4 Ke6 45. e4 Ne5 46. Bc3 1/2-1/2

[Event "DLM Youth 2024"]
[Site "Tuebingen"]
[Date "2024.10.04"]
[Round "4"]
[White "Shen, Tingrui"]
[Black "Noennig, Jakob"]
[Result "1-0"]
[ECO "E06"]
[WhiteElo "2102"]
[BlackElo "1986"]
[Annotator "RC"]
[PlyCount "51"]
[EventDate "2024.10.03"]
[EventType "team-swiss"]
[EventRounds "7"]
[EventCountry "GER"]
[SourceTitle "playchess.com"]
[Source "ChessBase"]
[SourceQuality "1"]
[TimeControl "40/5400+30:1800+30"]

1. Nf3 d5 2. g3 Nf6 3. Bg2 e6 4. O-O Be7 5. d4 O-O 6. c4 a5 7. Nc3 c6 8. Nd2 b6 9. cxd5 exd5 10. e4 Bb7 11. e5 Ne8 12. f4 f5 13. exf6 Bxf6 14. Nf3 Nc7 15. Ne5 Nba6 16. Be3 Qd6 17. Qg4 Rae8 18. Rac1 Ne6 19. a3 c5 20. Rfd1 Nxd4 21. Bxd4 cxd4 22. Nb5 Qe7 23. Nd7 Rf7 24. Nxf6+ Rxf6 25. Nxd4 Qe3+ 26. Kh1 1-0

[Event "DLM Youth 2024"]
[Site "Tuebingen"]
[Date "2024.10.04"]
[Round "4"]
[White "Braeutigam, Katerina"]
[Black "Mueller, Riyanna"]
[Result "0-1"]
[ECO "D00"]
[WhiteElo "2099"]
[BlackElo "2014"]
[Annotator "RC"]
[PlyCount "80"]
[EventDate "2024.10.03"]
[EventType "team-swiss"]
[EventRounds "7"]
[EventCountry "GER"]
[SourceTitle "playchess.com"]
[Source "ChessBase"]
[SourceQuality "1"]
[TimeControl "40/5400+30:1800+30"]

1. d4 d5 2. Bf4 Nf6 3. e3 c5 4. c3 Nc6 5. Nd2 g6 6. h3 Bg7 7. Ngf3 O-O 8. dxc5 Re8 9. Bb5 Nd7 10. Nb3 e5 11. Bg5 Nf6 12. O-O Bf5 13. Nbd2 a5 14. a3 h6 15. Bh4 g5 16. Bg3 Re6 17. Bxc6 bxc6 18. Nxe5 Qe7 19. Nef3 Ne4 20. Nxe4 Rxe4 21. Nd4 Bxd4 22. cxd4 Kh7 23. Qa4 Qd7 24. b4 h5 25. Rfe1 h4 26. Be5 g4 27. f3 gxf3 28. gxf3 Bxh3 29. Kf2 Qf5 30. Ke2 Rg8 31. Rg1 Bg2 32. fxe4 Qf3+ 33. Kd2 Qf2+ 34. Kc3 Qxe3+ 35. Kb2 Bxe4 36. Qd1 Qf2+ 37. Kc1 Rxg1 38. bxa5 Rxd1+ 39. Kxd1 Qf1+ 40. Kd2 Qxa1 0-1

[Event "DLM Youth 2024"]
[Site "Tuebingen"]
[Date "2024.10.04"]
[Round "4"]
[White "Foksha, Mischa"]
[Black "Chassard, Cedric"]
[Result "1/2-1/2"]
[ECO "C60"]
[WhiteElo "2078"]
[BlackElo "2289"]
[Annotator "RC"]
[PlyCount "48"]
[EventDate "2024.10.03"]
[EventType "team-swiss"]
[EventRounds "7"]
[EventCountry "GER"]
[SourceTitle "playchess.com"]
[Source "ChessBase"]
[SourceQuality "1"]
[TimeControl "40/5400+30:1800+30"]

1. e4 e5 2. Nf3 Nc6 3. Bb5 a6 4. Ba4 Nge7 5. O-O g6 6. c3 Bg7 7. d4 b5 8. Bb3 exd4 9. cxd4 O-O 10. Nc3 Na5 11. Bc2 Bb7 12. Bg5 h6 13. Bh4 Nc4 14. b3 Na3 15. Bd3 Re8 16. e5 d6 17. Ne4 dxe5 18. dxe5 Qd7 19. Nf6+ Bxf6 20. Bxf6 Qg4 21. h3 Qf4 22. Qc1 Qxc1 23. Raxc1 Nd5 24. Be4 Ra7 1/2-1/2

[Event "DLM Youth 2024"]
[Site "Tuebingen"]
[Date "2024.10.04"]
[Round "4"]
[White "Wunderlich, Elias"]
[Black "Haubold, Christian"]
[Result "1/2-1/2"]
[ECO "C88"]
[WhiteElo "2073"]
[BlackElo "2084"]
[Annotator "RC"]
[PlyCount "49"]
[EventDate "2024.10.03"]
[EventType "team-swiss"]
[EventRounds "7"]
[EventCountry "GER"]
[SourceTitle "playchess.com"]
[Source "ChessBase"]
[SourceQuality "1"]
[TimeControl "40/5400+30:1800+30"]

1. e4 e5 2. Nf3 Nc6 3. Bb5 a6 4. Ba4 Nf6 5. O-O Be7 6. d3 b5 7. Bb3 d6 8. a4 Bb7 9. c3 O-O 10. Re1 Na5 11. Bc2 c5 12. d4 Qc7 13. Nbd2 Rfe8 14. Nf1 Bf8 15. Bg5 Nd7 16. Ng3 g6 17. Qe2 f6 18. Be3 c4 19. d5 Nc5 20. Nd2 Bg7 21. Ra3 Kh8 22. Rea1 Kg8 23. Qd1 Red8 24. R1a2 Ra7 25. Qa1 1/2-1/2

[Event "DLM Youth 2024"]
[Site "Tuebingen"]
[Date "2024.10.04"]
[Round "4"]
[White "Bardorz, Jana"]
[Black "Shevchenko, Igor"]
[Result "1-0"]
[ECO "B13"]
[WhiteElo "2069"]
[BlackElo "1856"]
[Annotator "RC"]
[PlyCount "44"]
[EventDate "2024.10.03"]
[EventType "team-swiss"]
[EventRounds "7"]
[EventCountry "GER"]
[SourceTitle "playchess.com"]
[Source "ChessBase"]
[SourceQuality "1"]
[TimeControl "40/5400+30:1800+30"]

1. e4 c6 2. d4 d5 3. exd5 cxd5 4. Bd3 Nc6 5. c3 Qc7 6. Ne2 Bg4 7. O-O e6 8. Qe1 Nf6 9. f3 Bh5 10. Bf4 Bd6 11. Qh4 Rg8 12. Nd2 O-O-O 13. a4 Bxf4 14. Qxf4 Qxf4 15. Nxf4 Bg6 16. Bxg6 hxg6 17. Nb3 Rh8 18. Rfe1 g5 19. Nd3 Rh5 20. h3 Nd7 21. Re2 Nb6 22. Nd2 Re8 1-0

[Event "DLM Youth 2024"]
[Site "Tuebingen"]
[Date "2024.10.04"]
[Round "4"]
[White "Liebold, Aaron"]
[Black "Semling, Julius"]
[Result "1-0"]
[ECO "B53"]
[WhiteElo "2058"]
[BlackElo "2233"]
[Annotator "RC"]
[PlyCount "88"]
[EventDate "2024.10.03"]
[EventType "team-swiss"]
[EventRounds "7"]
[EventCountry "GER"]
[SourceTitle "playchess.com"]
[Source "ChessBase"]
[SourceQuality "1"]
[TimeControl "40/5400+30:1800+30"]

1. e4 c5 2. Nf3 d6 3. d4 cxd4 4. Qxd4 Nc6 5. Bb5 Bd7 6. Qd3 Nf6 7. c4 g6 8. Nc3 Bg7 9. O-O O-O 10. h3 a6 11. Bxc6 Bxc6 12. Nd4 Be8 13. Be3 Rc8 14. Rac1 Nd7 15. b3 Nc5 16. Qd2 Bd7 17. Rfd1 Re8 18. f3 Rb8 19. b4 Na4 20. Nd5 e6 21. Nc3 Nxc3 22. Rxc3 d5 23. exd5 exd5 24. c5 Ba4 25. Rdc1 Qh4 26. Rd3 Bd7 27. Ne2 h6 28. Bf2 Qe7 29. Nf4 Bb5 30. Nxd5 Qe2 31. Nf4 Qxd2 32. Rxd2 Rbd8 33. Rdd1 Ba4 34. Rxd8 Rxd8 35. Be3 Bb2 36. Rc4 Bb5 37. Re4 Bc6 38. Rc4 Bb5 39. Re4 Kf8 40. Kf2 g5 41. Ne2 Bd3 42. Rd4 Bxd4 43. Nxd4 Rd5 44. g4 Ke7 1-0

[Event "DLM Youth 2024"]
[Site "Tuebingen"]
[Date "2024.10.04"]
[Round "4"]
[White "Windmueller, Simon"]
[Black "Karle, Sam"]
[Result "1/2-1/2"]
[ECO "A05"]
[WhiteElo "2052"]
[BlackElo "2124"]
[Annotator "NA RC"]
[PlyCount "45"]
[EventDate "2024.10.03"]
[EventType "team-swiss"]
[EventRounds "7"]
[EventCountry "GER"]
[SourceTitle "playchess.com"]
[Source "ChessBase"]
[SourceQuality "1"]
[TimeControl "40/5400+30:1800+30"]

1. Nf3 Nf6 2. g3 b5 3. Bg2 Bb7 4. O-O e6 5. d3 c5 6. e4 d6 7. Nbd2 Be7 8. Re1 Nbd7 9. Nf1 a5 10. a4 b4 11. Nh4 Qc7 12. b3 d5 13. exd5 Nxd5 14. Bb2 Bf6 15. Bxf6 N7xf6 16. Ne3 Nxe3 17. Rxe3 Bxg2 18. Nxg2 O-O 19. Qf3 Rad8 20. Ree1 Nd5 21. Ne3 Nxe3 22. Rxe3 Rd5 23. Rae1 1/2-1/2

[Event "DLM Youth 2024"]
[Site "Tuebingen"]
[Date "2024.10.04"]
[Round "4"]
[White "Voigt, Anastasia"]
[Black "Bauer, Laura Sophie"]
[Result "1/2-1/2"]
[ECO "C54"]
[WhiteElo "2037"]
[BlackElo "1943"]
[Annotator "RC"]
[PlyCount "51"]
[EventDate "2024.10.03"]
[EventType "team-swiss"]
[EventRounds "7"]
[EventCountry "GER"]
[SourceTitle "playchess.com"]
[Source "ChessBase"]
[SourceQuality "1"]
[TimeControl "40/5400+30:1800+30"]

1. e4 e5 2. Nf3 Nc6 3. Bc4 Bc5 4. c3 Nf6 5. d3 d6 6. O-O a6 7. Nbd2 Ba7 8. Bb3 h6 9. Nc4 O-O 10. Ne3 Ne7 11. Nh4 d5 12. Qf3 dxe4 13. dxe4 Be6 14. Nef5 Nxf5 15. Nxf5 Bxf5 16. Qxf5 Qc8 17. Qxe5 Re8 18. Qg3 Rxe4 19. Bxh6 Qg4 20. Qxc7 Qd7 21. Qxd7 Nxd7 22. Be3 Bxe3 23. fxe3 Nf6 24. Rf3 Rd8 25. Raf1 Rd2 26. Rg3 1/2-1/2

[Event "DLM Youth 2024"]
[Site "Tuebingen"]
[Date "2024.10.04"]
[Round "4"]
[White "Haubold, Sebastian"]
[Black "Butenandt, Svenja"]
[Result "1/2-1/2"]
[ECO "B15"]
[WhiteElo "2030"]
[BlackElo "2121"]
[Annotator "RC"]
[PlyCount "49"]
[EventDate "2024.10.03"]
[EventType "team-swiss"]
[EventRounds "7"]
[EventCountry "GER"]
[SourceTitle "playchess.com"]
[Source "ChessBase"]
[SourceQuality "1"]
[TimeControl "40/5400+30:1800+30"]

1. e4 c6 2. d4 d5 3. Nd2 dxe4 4. Nxe4 Nf6 5. Nxf6+ exf6 6. c3 Bd6 7. Bd3 O-O 8. Qc2 Re8+ 9. Ne2 h5 10. O-O h4 11. h3 Nd7 12. Bd2 Nf8 13. Rae1 Bc7 14. f4 g6 15. c4 Ne6 16. Bc3 Ng7 17. b3 Bf5 18. Rf3 Qd7 19. Bxf5 Nxf5 20. Qd2 Re4 21. Nc1 Rxe1+ 22. Qxe1 Nxd4 23. Rd3 c5 24. Bxd4 cxd4 25. Qxh4 1/2-1/2

[Event "DLM Youth 2024"]
[Site "Tuebingen"]
[Date "2024.10.04"]
[Round "4"]
[White "Mueller, Maximilian"]
[Black "Albrecht, Neil"]
[Result "1/2-1/2"]
[ECO "B90"]
[WhiteElo "2030"]
[BlackElo "1997"]
[Annotator "RC"]
[PlyCount "78"]
[EventDate "2024.10.03"]
[EventType "team-swiss"]
[EventRounds "7"]
[EventCountry "GER"]
[SourceTitle "playchess.com"]
[Source "ChessBase"]
[SourceQuality "1"]
[TimeControl "40/5400+30:1800+30"]

1. e4 c5 2. Nf3 d6 3. d4 cxd4 4. Nxd4 Nf6 5. Nc3 a6 6. Rg1 e5 7. Nb3 h5 8. h3 Be6 9. Be3 Be7 10. Be2 h4 11. Qd2 Nbd7 12. Bf3 Nb6 13. Bxb6 Qxb6 14. Nd5 Nxd5 15. exd5 Bf5 16. c3 a5 17. Qe3 Qd8 18. a4 Bg5 19. Qe2 Qb6 20. Qb5+ Qxb5 21. axb5 b6 22. Nd2 Bxd2+ 23. Kxd2 Bd7 24. Be2 Ke7 25. Ra4 f5 26. Rga1 Ra7 27. b4 Rha8 28. Kc2 Kd8 29. Kb3 Kc7 30. bxa5 Rxa5 31. Rc4+ Kd8 32. Rxa5 Rxa5 33. Rxh4 Bxb5 34. c4 Ba4+ 35. Kc3 Be8 36. Kb2 Ke7 37. Rh7 Kf7 38. Rh5 Kf6 39. Rh8 Ke7 1/2-1/2

[Event "DLM Youth 2024"]
[Site "Tuebingen"]
[Date "2024.10.04"]
[Round "4"]
[White "Kieselbach, Jannik"]
[Black "Fischer, Darja"]
[Result "1/2-1/2"]
[ECO "B11"]
[WhiteElo "2014"]
[BlackElo "1872"]
[Annotator "RC"]
[PlyCount "89"]
[EventDate "2024.10.03"]
[EventType "team-swiss"]
[EventRounds "7"]
[EventCountry "GER"]
[SourceTitle "playchess.com"]
[Source "ChessBase"]
[SourceQuality "1"]
[TimeControl "40/5400+30:1800+30"]

1. e4 c6 2. Nc3 d5 3. Nf3 dxe4 4. Nxe4 Bg4 5. h3 Bxf3 6. Qxf3 Nd7 7. d4 e6 8. Bd3 Ngf6 9. c3 Be7 10. O-O O-O 11. Be3 Nxe4 12. Bxe4 Nf6 13. Bc2 Qd5 14. Qe2 Rad8 15. Rfe1 c5 16. Rad1 Qc6 17. Rd2 Nd5 18. Qh5 g6 19. Qh6 Nxe3 20. fxe3 Bf6 21. Rf2 Bg7 22. Qh4 cxd4 23. exd4 b5 24. Bb3 Rd6 25. Kh1 Qb6 26. Qe7 a5 27. Ref1 Qd8 28. Qa7 Qb6 29. Qe7 Qd8 30. Qb7 Qb6 31. Qe4 Qa6 32. a3 b4 33. axb4 axb4 34. Rf3 Rb6 35. Bd1 Rd6 36. Qe3 Rd7 37. Qf2 Qa7 38. Bb3 e5 39. dxe5 Bxe5 40. cxb4 Qxf2 41. R3xf2 Kg7 42. Bc4 f6 43. b5 Ra8 44. Rc2 Rad8 45. b3 1/2-1/2

[Event "DLM Youth 2024"]
[Site "Tuebingen"]
[Date "2024.10.04"]
[Round "4"]
[White "Li, Yunqi"]
[Black "Mukazhanov, Mansur"]
[Result "1-0"]
[ECO "D03"]
[WhiteElo "2004"]
[BlackElo "1894"]
[Annotator "RC"]
[PlyCount "37"]
[EventDate "2024.10.03"]
[EventType "team-swiss"]
[EventRounds "7"]
[EventCountry "GER"]
[SourceTitle "playchess.com"]
[Source "ChessBase"]
[SourceQuality "1"]
[TimeControl "40/5400+30:1800+30"]

1. d4 Nf6 2. Nf3 g6 3. Bg5 Bg7 4. Nbd2 d5 5. e3 Bf5 6. c4 c6 7. cxd5 Qxd5 8. Bc4 Qa5 9. Qb3 O-O 10. Qxb7 Nbd7 11. Bf4 Nb6 12. O-O Nfd5 13. Bg3 Bc8 14. Qxc6 Nb4 15. Qe4 Bf5 16. Qxe7 Rfe8 17. Qxf7+ Kh8 18. Be5 Bxe5 19. Ng5 1-0

[Event "DLM Youth 2024"]
[Site "Tuebingen"]
[Date "2024.10.04"]
[Round "4"]
[White "Mester, Philipp"]
[Black "Moeller, Maurin"]
[Result "1-0"]
[ECO "D70"]
[WhiteElo "1996"]
[BlackElo "2118"]
[Annotator "RC"]
[PlyCount "41"]
[EventDate "2024.10.03"]
[EventType "team-swiss"]
[EventRounds "7"]
[EventCountry "GER"]
[SourceTitle "playchess.com"]
[Source "ChessBase"]
[SourceQuality "1"]
[TimeControl "40/5400+30:1800+30"]

1. d4 Nf6 2. c4 g6 3. f3 d5 4. cxd5 Nxd5 5. e4 Nb6 6. Nc3 Bg7 7. Be3 O-O 8. Qd2 e5 9. d5 c6 10. h4 cxd5 11. exd5 N8d7 12. h5 Nf6 13. hxg6 fxg6 14. O-O-O Bd7 15. Kb1 Rc8 16. Nh3 e4 17. Ng5 Rxc3 18. bxc3 Nfxd5 19. Bc4 Bc6 20. Bb3 exf3 21. Ka1 1-0

[Event "DLM Youth 2024"]
[Site "Tuebingen"]
[Date "2024.10.04"]
[Round "4"]
[White "Belin, Anton"]
[Black "Mohylnyi, Stepan"]
[Result "1-0"]
[ECO "B42"]
[WhiteElo "1994"]
[BlackElo "2160"]
[Annotator "RC"]
[PlyCount "67"]
[EventDate "2024.10.03"]
[EventType "team-swiss"]
[EventRounds "7"]
[EventCountry "GER"]
[SourceTitle "playchess.com"]
[Source "ChessBase"]
[SourceQuality "1"]
[TimeControl "40/5400+30:1800+30"]

1. e4 c5 2. Nf3 e6 3. d4 cxd4 4. Nxd4 a6 5. Bd3 Bc5 6. Nb3 Ba7 7. Qe2 Nc6 8. Be3 b5 9. O-O Nf6 10. Bxa7 Rxa7 11. c3 O-O 12. N1d2 d6 13. f4 Bb7 14. Qe3 Ra8 15. e5 dxe5 16. fxe5 Nxe5 17. Bxh7+ Kxh7 18. Qxe5 Qe7 19. Rae1 Rfd8 20. Nd4 Rd5 21. Qg3 Qc5 22. Rxf6 gxf6 23. Ne4 Qe7 24. Rf1 f5 25. Ng5+ Kh6 26. Qh4+ Kg6 27. Qh7+ Kf6 28. Qh6+ Ke5 29. Ngxe6 fxe6 30. Re1+ Kd6 31. Rxe6+ Qxe6 32. Qxe6+ Kc7 33. h4 Rd6 34. Qe7+ 1-0

[Event "DLM Youth 2024"]
[Site "Tuebingen"]
[Date "2024.10.04"]
[Round "4"]
[White "Reuter, Elisa"]
[Black "Schulz, Tim"]
[Result "1-0"]
[ECO "B92"]
[WhiteElo "1985"]
[BlackElo "1901"]
[Annotator "RC"]
[PlyCount "47"]
[EventDate "2024.10.03"]
[EventType "team-swiss"]
[EventRounds "7"]
[EventCountry "GER"]
[SourceTitle "playchess.com"]
[Source "ChessBase"]
[SourceQuality "1"]
[TimeControl "40/5400+30:1800+30"]

1. e4 c5 2. Nf3 d6 3. d4 cxd4 4. Nxd4 Nf6 5. Nc3 a6 6. Be2 e5 7. Nb3 Be6 8. O-O Be7 9. Kh1 O-O 10. f4 Qc7 11. f5 Bc4 12. g4 h6 13. g5 Bxe2 14. Qxe2 hxg5 15. Bxg5 Nbd7 16. Qg2 Rfc8 17. Rg1 Bf8 18. Raf1 Ne8 19. f6 g6 20. Qh3 b5 21. Rf3 b4 22. Nd5 Qxc2 23. Qh4 Qe2 24. Rh3 1-0

[Event "DLM Youth 2024"]
[Site "Tuebingen"]
[Date "2024.10.04"]
[Round "4"]
[White "Sereda, Yaroslava"]
[Black "Buchholz, Maja Patricia"]
[Result "1-0"]
[ECO "C11"]
[WhiteElo "1972"]
[BlackElo "1988"]
[Annotator "RC"]
[PlyCount "46"]
[EventDate "2024.10.03"]
[EventType "team-swiss"]
[EventRounds "7"]
[EventCountry "GER"]
[SourceTitle "playchess.com"]
[Source "ChessBase"]
[SourceQuality "1"]
[TimeControl "40/5400+30:1800+30"]

1. e4 e6 2. d4 d5 3. Nc3 Nf6 4. e5 Nfd7 5. f4 c5 6. Nf3 Nc6 7. Be3 Be7 8. Qd2 O-O 9. dxc5 Qa5 10. a3 a6 11. Be2 Nxc5 12. O-O Qc7 13. Qe1 b5 14. b4 Nd7 15. Bd3 Bb7 16. Ne2 Nb6 17. Qg3 Nc4 18. Qh3 h6 19. Bf2 Nb2 20. Ned4 Nxd3 21. cxd3 Nxd4 22. Nxd4 Rfe8 23. f5 exf5 1-0

[Event "DLM Youth 2024"]
[Site "Tuebingen"]
[Date "2024.10.04"]
[Round "4"]
[White "Fruth, David"]
[Black "Goldmann, David"]
[Result "1-0"]
[ECO "C10"]
[WhiteElo "1966"]
[BlackElo "1969"]
[Annotator "RC"]
[PlyCount "62"]
[EventDate "2024.10.03"]
[EventType "team-swiss"]
[EventRounds "7"]
[EventCountry "GER"]
[SourceTitle "playchess.com"]
[Source "ChessBase"]
[SourceQuality "1"]
[TimeControl "40/5400+30:1800+30"]

1. e4 e6 2. d4 d5 3. Nc3 dxe4 4. Nxe4 Nd7 5. g3 Ngf6 6. Nxf6+ Nxf6 7. Bg2 c5 8. Nf3 cxd4 9. Qxd4 Qd5 10. Be3 Be7 11. O-O O-O 12. Ne5 Qa5 13. Rfd1 Rd8 14. Nc4 Qc7 15. Qf4 Qxf4 16. Rxd8+ Bxd8 17. Bxf4 Nd5 18. Rd1 Bf6 19. Be5 Be7 20. Bxd5 exd5 21. Ne3 Be6 22. Nxd5 Bd8 23. Ne3 f6 24. Bc3 Bb6 25. Bd4 Bc7 26. f4 Rd8 27. a3 b6 28. Kf2 Kf7 29. c4 g5 30. f5 Bxc4 31. Nxc4 Be5 1-0

[Event "DLM Youth 2024"]
[Site "Tuebingen"]
[Date "2024.10.04"]
[Round "4"]
[White "Mader, Fabian"]
[Black "Malinowsky, Levi"]
[Result "1/2-1/2"]
[ECO "B90"]
[WhiteElo "1963"]
[BlackElo "2065"]
[Annotator "RC"]
[PlyCount "75"]
[EventDate "2024.10.03"]
[EventType "team-swiss"]
[EventRounds "7"]
[EventCountry "GER"]
[SourceTitle "playchess.com"]
[Source "ChessBase"]
[SourceQuality "1"]
[TimeControl "40/5400+30:1800+30"]

1. e4 c5 2. Nf3 d6 3. d4 cxd4 4. Nxd4 Nf6 5. Nc3 a6 6. f3 e5 7. Nb3 Be6 8. Be3 h5 9. Qd2 Nbd7 10. Nd5 Bxd5 11. exd5 g6 12. Be2 Bg7 13. O-O-O O-O 14. h4 Qc7 15. g4 Rac8 16. Na1 Nc5 17. Bh6 b5 18. Rdg1 hxg4 19. h5 gxf3 20. Bxg7 Kxg7 21. hxg6 Rh8 22. gxf7+ Kxf7 23. Bxf3 Qd7 24. Nb3 Nxb3+ 25. axb3 Qf5 26. Qf2 Rxc2+ 27. Qxc2 Rc8 28. Be4 Rxc2+ 29. Bxc2 Qf3 30. Rf1 Qe3+ 31. Kb1 Ke7 32. Rfg1 Qf3 33. Rh6 Qe3 34. Rhh1 Qf3 35. Rh6 Nxd5 36. Rh7+ Kf8 37. Rh8+ Kf7 38. Rh7+ 1/2-1/2

[Event "DLM Youth 2024"]
[Site "Tuebingen"]
[Date "2024.10.04"]
[Round "4"]
[White "Haug, Mara"]
[Black "Sauer, Tim"]
[Result "1/2-1/2"]
[ECO "B35"]
[WhiteElo "1958"]
[BlackElo "2081"]
[Annotator "RC"]
[PlyCount "107"]
[EventDate "2024.10.03"]
[EventType "team-swiss"]
[EventRounds "7"]
[EventCountry "GER"]
[SourceTitle "playchess.com"]
[Source "ChessBase"]
[SourceQuality "1"]
[TimeControl "40/5400+30:1800+30"]

1. e4 c5 2. Nf3 Nc6 3. d4 cxd4 4. Nxd4 g6 5. Nc3 Bg7 6. Be3 Nf6 7. Bc4 Qa5 8. O-O O-O 9. Bb3 d6 10. Re1 Ng4 11. Nxc6 bxc6 12. Bd4 e5 13. Be3 Nxe3 14. Rxe3 Rd8 15. Rd3 Qc7 16. Qf3 Qe7 17. Rad1 Ba6 18. Re3 Bh6 19. Ree1 Rd7 20. Ba4 Rc7 21. b4 Bc4 22. Bb3 Bxb3 23. cxb3 a6 24. Qd3 Bf8 25. Re2 Qe6 26. Rb2 Rd7 27. Na4 Rb7 28. a3 a5 29. Qc3 axb4 30. Qxc6 Rab8 31. axb4 Rxb4 32. Rdb1 Rxb3 33. Rxb3 Rxb3 34. Rxb3 Qxb3 35. g3 h5 36. Nb6 h4 37. Kg2 Qe6 38. h3 hxg3 39. Kxg3 f5 40. f3 fxe4 41. fxe4 Qf6 42. Qc4+ Kh8 43. Nd5 Qg5+ 44. Kf3 Qh4 45. Kg2 Qd8 46. Qe2 Qg5+ 47. Qg4 Qxg4+ 48. hxg4 Kg7 49. Kf3 Kf7 50. Nc7 Be7 51. Nd5 Bd8 52. Nb4 Ba5 53. Nd5 Kg7 54. Ne3 1/2-1/2

[Event "DLM Youth 2024"]
[Site "Tuebingen"]
[Date "2024.10.04"]
[Round "4"]
[White "Walter, Richard"]
[Black "Abou Wally, Adrian"]
[Result "1-0"]
[ECO "D78"]
[WhiteElo "1958"]
[BlackElo "1991"]
[Annotator "NA RC"]
[PlyCount "79"]
[EventDate "2024.10.03"]
[EventType "team-swiss"]
[EventRounds "7"]
[EventCountry "GER"]
[SourceTitle "playchess.com"]
[Source "ChessBase"]
[SourceQuality "1"]
[TimeControl "40/5400+30:1800+30"]

1. d4 Nf6 2. Nf3 g6 3. g3 Bg7 4. Bg2 d5 5. O-O O-O 6. c4 c6 7. b3 Nbd7 8. Bb2 Re8 9. Nbd2 e5 10. Nxe5 Nxe5 11. dxe5 Ng4 12. cxd5 cxd5 13. Nf3 Nxe5 14. Nxe5 Bxe5 15. Bxe5 Rxe5 16. e3 Bf5 17. Qd4 Qe7 18. Rac1 b6 19. g4 Bd7 20. Rc7 Qe6 21. Rxd7 Rg5 22. Rxd5 Rxg4 23. Qe5 Qc6 24. h3 Re8 25. hxg4 Rxe5 26. Rd8+ Re8 27. Bxc6 Rxd8 28. e4 Rd2 29. a4 Kg7 30. Rc1 Kf6 31. Kg2 Kg5 32. Rh1 h5 33. gxh5 gxh5 34. Bb5 h4 35. Bc4 f6 36. Kf3 Rd7 37. Ke3 Rc7 38. Rg1+ Kh5 39. Kf4 Rc5 40. Rh1 1-0

[Event "DLM Youth 2024"]
[Site "Tuebingen"]
[Date "2024.10.04"]
[Round "4"]
[White "Peglau, Paul David"]
[Black "Wartenberg, Alexander"]
[Result "1-0"]
[ECO "D02"]
[WhiteElo "1943"]
[BlackElo "1857"]
[Annotator "RC"]
[PlyCount "61"]
[EventDate "2024.10.03"]
[EventType "team-swiss"]
[EventRounds "7"]
[EventCountry "GER"]
[SourceTitle "playchess.com"]
[Source "ChessBase"]
[SourceQuality "1"]
[TimeControl "40/5400+30:1800+30"]

1. Nf3 d5 2. d4 Nf6 3. Bf4 c5 4. e3 Bg4 5. c3 Nc6 6. Nbd2 e6 7. Be2 Bd6 8. Bxd6 Qxd6 9. O-O h5 10. dxc5 Qxc5 11. Nd4 Bxe2 12. Qxe2 Nxd4 13. exd4 Qb6 14. Nf3 Ne4 15. Ne5 Nd6 16. a4 Rh6 17. f4 f6 18. Nd3 Kf7 19. Nc5 Nf5 20. a5 Qc6 21. b4 a6 22. Rab1 Nd6 23. Qxe6+ Kg6 24. Nxb7 Qxb7 25. Qxd6 h4 26. Rbe1 h3 27. Re7 Qb5 28. Qe6 Kh7 29. Qf5+ Kh8 30. g3 Qc4 31. Rfe1 1-0